[ AOE2 MATCH · #483670586 ]
UnrankedKhmer vs Persians
[ REPLAY ANALYSIS · EXTRACTED FROM THE RECORDED GAME ]
Feudal
—
Castle
—
Imperial
—
| APM avg | 38.0 |
| APM peak | 142 |
| eAPM avg | 30.2 |
| Villagers / military | 108 / 426 |
Focus
⚔️ 34.5% · 🌾 65.5%
Spearman ×239 · Knight ×104 · Scorpion ×45 · Scout Cavalry ×36 · Trade Cart ×6 · Mangonel ×2
Feudal
—
Castle
—
Imperial
—
| APM avg | 8.9 |
| APM peak | 46 |
| eAPM avg | 8.0 |
| Villagers / military | 48 / 172 |
Focus
⚔️ 62.9% · 🌾 37.1%
Knight ×88 · Organ Gun ×56 · Scorpion ×11 · Petard ×7 · Bombard Cannon ×6 · Mangonel ×3
Feudal
—
Castle
—
Imperial
—
| APM avg | 31.7 |
| APM peak | 102 |
| eAPM avg | 15.5 |
| Villagers / military | 89 / 439 |
Focus
⚔️ 40.1% · 🌾 59.9%
Spearman ×194 · Knight ×76 · Mangonel ×59 · Scout Cavalry ×49 · Militia ×40 · Trade Cart ×10
Feudal
—
Castle
—
Imperial
—
| APM avg | 14.1 |
| APM peak | 45 |
| eAPM avg | 13.0 |
| Villagers / military | 63 / 359 |
Focus
⚔️ 65.2% · 🌾 34.8%
Scout Cavalry ×85 · Bombard Cannon ×64 · Conquistador ×55 · Knight ×41 · Mangonel ×41 · Hand Cannoneer ×36
Feudal
—
Castle
—
Imperial
—
| APM avg | 36.7 |
| APM peak | 76 |
| eAPM avg | 28.0 |
| Villagers / military | 169 / 330 |
Focus
⚔️ 26.0% · 🌾 74.0%
Hand Cannoneer ×286 · Trade Cart ×94 · Bombard Cannon ×39 · Trebuchet (Packed) ×3 · Monk ×2
Feudal
—
Castle
—
Imperial
—
| APM avg | 25.7 |
| APM peak | 86 |
| eAPM avg | 13.5 |
| Villagers / military | 209 / 280 |
Focus
⚔️ 18.6% · 🌾 81.4%
Cataphract ×167 · Bombard Cannon ×103 · Trade Cart ×88 · Mangonel ×10
Feudal
—
Castle
—
Imperial
—
| APM avg | 22.6 |
| APM peak | 317 |
| eAPM avg | 19.6 |
| Villagers / military | 221 / 443 |
Focus
⚔️ 28.9% · 🌾 71.1%
Knight ×150 · Camel Scout ×137 · Scout Cavalry ×55 · Bombard Cannon ×51 · War Elephant ×50 · Trade Cart ×13
Feudal
—
Castle
—
Imperial
—
| APM avg | 26.8 |
| APM peak | 71 |
| eAPM avg | 19.0 |
| Villagers / military | 182 / 314 |
Focus
⚔️ 35.6% · 🌾 64.4%
Scout Cavalry ×161 · Rattan Archer ×113 · Trade Cart ×54 · Battle Elephant ×23 · Monk ×8 · Mangonel ×4
Match map
Initial resources + every placement click. Lines = walls · curves = elevation contours. ◆ gold · ⬟ stone · ● berries · ✦ relic · ◌ wall gap
Your base· ✓ Closed at 12:00 · 0t walls · no gate
dr.ahmadjarbou's base· ✓ Closed at 12:00 · 48t walls · 1 gate(s)
VECTOR's base· ✓ Closed at 12:00 · 0t walls · no gate
mistermk's base· ✓ Closed at 12:00 · 0t walls · no gate
Ts1ns1n's base· ✓ Closed at 12:00 · 0t walls · no gate
Lord Basura's base· ✓ Closed at 12:00 · 0t walls · no gate
blued's base· ✓ Closed at 12:00 · 0t walls · no gate
ry534689's base· ✓ Closed at 12:00 · 42t walls · 1 gate(s)
Smoothed initial terrain · ◌ = detected wall gap · hover for details
Inputs per minute
— bruskkhalil - - dr.ahmadjarbou
Build order — bruskkhalil
First 150 of 707 actions detected
| 0:13 | Build | House |
| 0:15 | Build | House |
| 0:34 | Build | Town Center |
| 0:42 | Create | Villager (Male) |
| 0:42 | Create | Villager (Male) |
| 0:42 | Create | Villager (Male) |
| 0:42 | Create | Villager (Male) |
| 0:42 | Create | Villager (Male) |
| 0:43 | Create | Villager (Male) |
| 0:43 | Create | Villager (Male) |
| 0:43 | Create | Villager (Male) |
| 0:44 | Create | Villager (Male) |
| 0:44 | Create | Villager (Male) |
| 0:44 | Create | Villager (Male) |
| 1:03 | Build | Lumber Camp |
| 3:15 | Build | Farm |
| 3:16 | Build | Farm |
| 4:28 | Build | Town Center |
| 4:55 | Build | Farm |
| 4:56 | Build | Farm |
| 4:57 | Build | Farm |
| 5:03 | Build | Farm |
| 5:18 | Create | Villager (Male) |
| 5:18 | Create | Villager (Male) |
| 6:33 | Create | Villager (Male) |
| 6:34 | Create | Villager (Male) |
| 6:34 | Create | Villager (Male) |
| 6:34 | Create | Villager (Male) |
| 6:58 | Build | House |
| 6:59 | Build | House |
| 6:59 | Build | House |
| 7:00 | Build | House |
| 7:02 | Build | House |
| 7:02 | Build | House |
| 7:06 | Build | House |
| 7:08 | Build | House |
| 7:17 | Build | Farm |
| 7:44 | Build | Market |
| 7:50 | Create | Villager (Male) |
| 7:51 | Create | Villager (Male) |
| 7:51 | Create | Villager (Male) |
| 8:24 | Create | Villager (Male) |
| 8:25 | Create | Villager (Male) |
| 8:25 | Create | Villager (Male) |
| 8:44 | Build | Farm |
| 8:45 | Build | Farm |
| 9:01 | Create | Villager (Male) |
| 9:01 | Create | Villager (Male) |
| 9:03 | Create | Villager (Male) |
| 9:04 | Create | Villager (Male) |
| 9:57 | Build | Town Center |
| 10:05 | Build | Farm |
| 10:07 | Create | Villager (Male) |
| 10:07 | Create | Villager (Male) |
| 10:07 | Create | Villager (Male) |
| 10:07 | Create | Villager (Male) |
| 10:08 | Create | Villager (Male) |
| 11:01 | Build | Barracks |
| 11:08 | Create | Villager (Male) |
| 11:08 | Create | Villager (Male) |
| 11:08 | Create | Villager (Male) |
| 11:08 | Create | Villager (Male) |
| 11:09 | Create | Villager (Male) |
| 11:22 | Build | Farm |
| 11:23 | Build | Farm |
| 11:39 | Create | Villager (Male) |
| 11:40 | Create | Villager (Male) |
| 11:40 | Create | Villager (Male) |
| 11:53 | Build | Farm |
| 11:54 | Build | Farm |
| 11:55 | Build | Farm |
| 11:56 | Build | Farm |
| 12:04 | Create | Trade Cart |
| 12:04 | Create | Trade Cart |
| 12:05 | Create | Trade Cart |
| 12:05 | Create | Trade Cart |
| 12:05 | Create | Trade Cart |
| 12:05 | Create | Trade Cart |
| 12:45 | Build | Siege Workshop |
| 13:09 | Create | Villager (Male) |
| 13:09 | Create | Villager (Male) |
| 13:10 | Create | Villager (Male) |
| 13:10 | Create | Villager (Male) |
| 13:10 | Create | Villager (Male) |
| 13:10 | Create | Villager (Male) |
| 13:10 | Create | Villager (Male) |
| 13:11 | Create | Villager (Male) |
| 13:11 | Create | Villager (Male) |
| 13:11 | Create | Villager (Male) |
| 13:14 | Create | Villager (Male) |
| 13:22 | Create | Villager (Male) |
| 13:38 | Create | Spearman |
| 13:38 | Create | Spearman |
| 13:39 | Create | Spearman |
| 14:03 | Build | Farm |
| 14:31 | Create | Villager (Male) |
| 14:31 | Create | Villager (Male) |
| 14:32 | Create | Villager (Male) |
| 14:32 | Create | Villager (Male) |
| 14:32 | Create | Villager (Male) |
| 14:32 | Create | Villager (Male) |
| 14:33 | Create | Villager (Male) |
| 14:33 | Create | Villager (Male) |
| 15:10 | Build | Farm |
| 15:11 | Build | Farm |
| 15:13 | Build | Farm |
| 15:14 | Build | Farm |
| 15:28 | Build | House |
| 15:29 | Build | House |
| 15:32 | Build | House |
| 15:33 | Build | House |
| 15:37 | Build | House |
| 15:39 | Build | House |
| 15:42 | Build | House |
| 15:44 | Build | House |
| 15:47 | Build | House |
| 15:49 | Build | House |
| 15:50 | Build | House |
| 15:52 | Build | House |
| 15:55 | Build | House |
| 15:58 | Build | House |
| 16:01 | Build | House |
| 16:04 | Build | House |
| 16:07 | Build | House |
| 16:14 | Build | Farm |
| 16:20 | Create | Villager (Male) |
| 16:20 | Create | Villager (Male) |
| 16:20 | Create | Villager (Male) |
| 16:21 | Create | Villager (Male) |
| 16:21 | Create | Villager (Male) |
| 16:21 | Create | Villager (Male) |
| 16:21 | Create | Villager (Male) |
| 16:22 | Create | Villager (Male) |
| 16:22 | Create | Villager (Male) |
| 16:22 | Create | Villager (Male) |
| 16:22 | Create | Villager (Male) |
| 16:22 | Create | Villager (Male) |
| 16:23 | Create | Villager (Male) |
| 16:23 | Create | Villager (Male) |
| 16:23 | Create | Villager (Male) |
| 16:28 | Create | Villager (Male) |
| 16:33 | Create | Villager (Male) |
| 16:34 | Create | Villager (Male) |
| 16:42 | Create | Mangonel |
| 17:06 | Create | Mangonel |
| 17:15 | Create | Villager (Male) |
| 17:15 | Create | Villager (Male) |
| 17:16 | Create | Villager (Male) |
| 17:16 | Create | Villager (Male) |
| 17:16 | Create | Villager (Male) |
Build order — dr.ahmadjarbou
First 150 of 287 actions detected
| 0:08 | Build | House |
| 0:10 | Build | House |
| 0:10 | Build | House |
| 0:12 | Build | House |
| 0:13 | Build | House |
| 0:20 | Create | Villager (Male) |
| 0:21 | Create | Villager (Male) |
| 0:21 | Create | Villager (Male) |
| 0:21 | Create | Villager (Male) |
| 0:22 | Create | Villager (Male) |
| 0:22 | Create | Villager (Male) |
| 0:22 | Create | Villager (Male) |
| 0:23 | Create | Villager (Male) |
| 0:23 | Create | Villager (Male) |
| 0:23 | Create | Villager (Male) |
| 1:01 | Build | Stone Wall |
| 1:05 | Build | Stone Wall |
| 1:21 | Build | Stone Wall |
| 1:48 | Build | Gate |
| 1:54 | Build | Stone Wall |
| 1:57 | Build | Stone Wall |
| 2:51 | Build | House |
| 2:52 | Build | House |
| 2:53 | Build | House |
| 2:54 | Build | House |
| 4:46 | Build | Town Center |
| 5:32 | Build | Stone Wall |
| 6:27 | Build | Bombard Tower |
| 8:21 | Build | Bombard Tower |
| 9:16 | Build | Palisade Wall |
| 10:30 | Build | Mining Camp |
| 11:02 | Build | Bombard Tower |
| 11:25 | Create | Villager (Male) |
| 11:26 | Create | Villager (Male) |
| 11:26 | Create | Villager (Male) |
| 11:26 | Create | Villager (Male) |
| 11:27 | Create | Villager (Male) |
| 11:27 | Create | Villager (Male) |
| 11:27 | Create | Villager (Male) |
| 11:28 | Create | Villager (Male) |
| 11:28 | Create | Villager (Male) |
| 11:28 | Create | Villager (Male) |
| 11:28 | Create | Villager (Male) |
| 11:29 | Create | Villager (Male) |
| 12:45 | Build | Market |
| 15:17 | Build | Siege Workshop |
| 15:37 | Build | Feitoria |
| 18:13 | Create | Villager (Male) |
| 18:13 | Create | Villager (Male) |
| 18:13 | Create | Villager (Male) |
| 18:13 | Create | Villager (Male) |
| 18:14 | Create | Villager (Male) |
| 18:14 | Create | Villager (Male) |
| 18:14 | Create | Villager (Male) |
| 18:15 | Create | Villager (Male) |
| 18:15 | Create | Villager (Male) |
| 18:15 | Create | Villager (Male) |
| 18:15 | Create | Villager (Male) |
| 18:40 | Build | Castle |
| 19:47 | Create | Bombard Cannon |
| 19:47 | Create | Bombard Cannon |
| 21:55 | Build | Stone Wall |
| 24:11 | Build | Bombard Tower |
| 24:54 | Build | Feitoria |
| 26:10 | Build | Castle |
| 26:23 | Create | Scorpion |
| 26:24 | Create | Scorpion |
| 26:24 | Create | Scorpion |
| 26:24 | Create | Scorpion |
| 26:25 | Create | Scorpion |
| 26:25 | Create | Scorpion |
| 27:34 | Build | House |
| 27:38 | Build | House |
| 27:41 | Build | House |
| 27:43 | Build | House |
| 27:44 | Build | House |
| 28:45 | Create | Bombard Cannon |
| 28:45 | Create | Bombard Cannon |
| 28:45 | Create | Bombard Cannon |
| 28:46 | Create | Bombard Cannon |
| 29:04 | Build | Feitoria |
| 29:22 | Create | Villager (Male) |
| 29:22 | Create | Villager (Male) |
| 29:22 | Create | Villager (Male) |
| 29:22 | Create | Villager (Male) |
| 29:23 | Create | Villager (Male) |
| 29:23 | Create | Villager (Male) |
| 29:23 | Create | Villager (Male) |
| 29:24 | Create | Villager (Male) |
| 29:24 | Create | Villager (Male) |
| 29:24 | Create | Villager (Male) |
| 29:24 | Create | Villager (Male) |
| 29:25 | Create | Villager (Male) |
| 29:25 | Create | Villager (Male) |
| 29:25 | Create | Villager (Male) |
| 29:26 | Create | Villager (Male) |
| 30:11 | Create | Trebuchet (Packed) |
| 30:22 | Build | Bombard Tower |
| 31:03 | Create | Organ Gun |
| 31:04 | Create | Organ Gun |
| 31:04 | Create | Organ Gun |
| 32:06 | Create | Organ Gun |
| 32:06 | Create | Organ Gun |
| 32:07 | Create | Organ Gun |
| 32:07 | Create | Organ Gun |
| 32:07 | Create | Organ Gun |
| 32:07 | Create | Organ Gun |
| 32:08 | Create | Organ Gun |
| 32:08 | Create | Organ Gun |
| 32:08 | Create | Organ Gun |
| 33:49 | Create | Organ Gun |
| 33:50 | Create | Organ Gun |
| 33:50 | Create | Organ Gun |
| 33:50 | Create | Organ Gun |
| 35:19 | Build | Feitoria |
| 35:28 | Create | Organ Gun |
| 35:28 | Create | Organ Gun |
| 35:29 | Create | Organ Gun |
| 35:29 | Create | Organ Gun |
| 35:29 | Create | Organ Gun |
| 35:30 | Create | Organ Gun |
| 35:30 | Create | Organ Gun |
| 35:30 | Create | Organ Gun |
| 35:31 | Create | Organ Gun |
| 35:31 | Create | Organ Gun |
| 35:31 | Create | Organ Gun |
| 35:32 | Create | Organ Gun |
| 35:32 | Create | Organ Gun |
| 35:32 | Create | Organ Gun |
| 36:22 | Build | Bombard Tower |
| 36:44 | Build | House |
| 36:45 | Build | House |
| 36:47 | Build | House |
| 36:48 | Build | House |
| 36:49 | Build | House |
| 36:51 | Build | House |
| 36:52 | Build | House |
| 36:54 | Build | House |
| 36:55 | Build | House |
| 36:58 | Build | House |
| 36:59 | Build | House |
| 37:01 | Build | House |
| 37:02 | Build | House |
| 37:03 | Build | House |
| 37:06 | Build | House |
| 37:07 | Build | House |
| 37:23 | Build | Stable |
| 37:24 | Build | Stable |
| 37:25 | Build | Stable |
| 37:27 | Build | Stable |
Build order — VECTOR
First 150 of 385 actions detected
| 0:03 | Build | House |
| 0:06 | Create | Villager (Male) |
| 0:10 | Create | Villager (Male) |
| 0:10 | Create | Villager (Male) |
| 0:26 | Create | Villager (Male) |
| 0:26 | Create | Villager (Male) |
| 0:26 | Create | Villager (Male) |
| 0:38 | Build | House |
| 1:05 | Create | Villager (Male) |
| 1:15 | Create | Villager (Male) |
| 1:35 | Create | Villager (Male) |
| 1:50 | Build | Town Center |
| 2:35 | Create | Villager (Male) |
| 2:36 | Create | Villager (Male) |
| 2:43 | Create | Villager (Male) |
| 3:40 | Create | Villager (Male) |
| 4:10 | Create | Villager (Male) |
| 4:29 | Build | Town Center |
| 4:43 | Build | House |
| 4:51 | Create | Villager (Male) |
| 5:19 | Create | Villager (Male) |
| 5:56 | Build | Town Center |
| 6:09 | Create | Villager (Male) |
| 7:04 | Create | Villager (Male) |
| 7:04 | Create | Villager (Male) |
| 7:06 | Create | Villager (Male) |
| 7:06 | Create | Villager (Male) |
| 7:14 | Build | Farm |
| 7:15 | Build | Farm |
| 7:16 | Build | Farm |
| 7:20 | Build | Farm |
| 7:21 | Build | Farm |
| 7:29 | Create | Villager (Male) |
| 7:41 | Build | House |
| 7:42 | Build | House |
| 8:00 | Build | Farm |
| 8:07 | Build | Farm |
| 8:15 | Build | Farm |
| 8:21 | Build | Farm |
| 8:24 | Create | Villager (Male) |
| 8:24 | Create | Villager (Male) |
| 8:43 | Build | Farm |
| 8:59 | Build | Mill |
| 9:04 | Create | Villager (Male) |
| 9:18 | Build | Farm |
| 9:27 | Build | Farm |
| 9:33 | Create | Villager (Male) |
| 9:33 | Create | Villager (Male) |
| 9:34 | Create | Villager (Male) |
| 9:34 | Create | Villager (Male) |
| 10:00 | Create | Villager (Male) |
| 10:27 | Build | House |
| 10:29 | Build | House |
| 10:31 | Build | House |
| 10:52 | Build | Monastery |
| 10:58 | Build | Barracks |
| 11:01 | Build | Barracks |
| 11:05 | Create | Villager (Male) |
| 11:06 | Create | Villager (Male) |
| 11:06 | Create | Villager (Male) |
| 11:07 | Create | Villager (Male) |
| 11:08 | Create | Villager (Male) |
| 11:18 | Create | Villager (Male) |
| 11:18 | Create | Villager (Male) |
| 11:35 | Create | Villager (Male) |
| 11:35 | Create | Villager (Male) |
| 11:45 | Create | Villager (Male) |
| 12:10 | Build | Market |
| 12:12 | Build | Market |
| 12:23 | Create | Villager (Male) |
| 12:24 | Create | Villager (Male) |
| 12:24 | Create | Villager (Male) |
| 12:24 | Create | Villager (Male) |
| 12:32 | Build | Farm |
| 12:32 | Build | Farm |
| 12:33 | Build | Farm |
| 12:36 | Build | Farm |
| 12:47 | Create | Monk |
| 13:12 | Create | Villager (Male) |
| 13:12 | Create | Villager (Male) |
| 13:13 | Create | Villager (Male) |
| 13:21 | Build | Farm |
| 13:40 | Build | Farm |
| 14:06 | Create | Villager (Male) |
| 14:06 | Create | Villager (Male) |
| 14:07 | Create | Villager (Male) |
| 14:19 | Create | Villager (Male) |
| 14:19 | Create | Villager (Male) |
| 14:20 | Create | Villager (Male) |
| 14:37 | Create | Trade Cart |
| 14:37 | Create | Trade Cart |
| 15:04 | Create | Villager (Male) |
| 15:04 | Create | Villager (Male) |
| 15:05 | Create | Villager (Male) |
| 15:12 | Build | House |
| 15:13 | Build | House |
| 15:14 | Build | House |
| 15:15 | Build | House |
| 15:16 | Build | House |
| 15:17 | Build | House |
| 15:19 | Build | House |
| 15:20 | Build | House |
| 15:29 | Create | Villager (Male) |
| 15:42 | Build | Siege Workshop |
| 15:44 | Build | Siege Workshop |
| 15:54 | Create | Spearman |
| 16:11 | Build | Farm |
| 16:12 | Build | Farm |
| 16:13 | Build | Farm |
| 16:29 | Create | Villager (Male) |
| 16:29 | Create | Villager (Male) |
| 16:29 | Create | Villager (Male) |
| 16:30 | Create | Villager (Male) |
| 16:56 | Create | Spearman |
| 16:56 | Create | Spearman |
| 17:01 | Create | Mangonel |
| 17:22 | Build | Lumber Camp |
| 17:24 | Build | Lumber Camp |
| 17:29 | Create | Villager (Male) |
| 17:29 | Create | Villager (Male) |
| 17:29 | Create | Villager (Male) |
| 17:30 | Create | Villager (Male) |
| 17:39 | Build | House |
| 17:39 | Build | House |
| 17:42 | Build | House |
| 17:43 | Build | House |
| 17:45 | Build | House |
| 17:46 | Build | House |
| 17:46 | Build | House |
| 17:47 | Build | House |
| 17:52 | Create | Spearman |
| 17:52 | Create | Spearman |
| 18:07 | Build | Farm |
| 18:18 | Create | Villager (Male) ×5 |
| 18:20 | Create | Villager (Male) ×5 |
| 18:28 | Create | Trade Cart ×2 |
| 18:49 | Create | Mangonel |
| 18:55 | Create | Spearman |
| 18:55 | Create | Spearman |
| 19:08 | Create | Villager (Male) |
| 19:08 | Create | Villager (Male) |
| 19:09 | Create | Villager (Male) |
| 19:09 | Create | Villager (Male) |
| 19:11 | Create | Villager (Male) |
| 19:11 | Create | Villager (Male) |
| 19:52 | Create | Mangonel |
| 19:52 | Create | Mangonel |
| 19:56 | Create | Spearman |
| 19:56 | Create | Spearman |
| 19:57 | Create | Spearman |
Build order — mistermk
First 150 of 521 actions detected
| 0:07 | Build | House |
| 0:15 | Build | Farm |
| 0:17 | Create | Villager (Male) |
| 0:17 | Create | Villager (Male) |
| 0:18 | Create | Villager (Male) |
| 0:18 | Create | Villager (Male) |
| 0:18 | Create | Villager (Male) |
| 0:18 | Create | Villager (Male) |
| 0:19 | Create | Villager (Male) |
| 0:19 | Create | Villager (Male) |
| 0:19 | Create | Villager (Male) |
| 0:19 | Create | Villager (Male) |
| 0:50 | Build | House |
| 0:51 | Build | House |
| 0:52 | Build | House |
| 1:05 | Build | Lumber Camp |
| 2:27 | Build | Monastery |
| 2:56 | Create | Villager (Male) |
| 2:56 | Create | Villager (Male) |
| 2:57 | Create | Villager (Male) |
| 3:36 | Build | Mill |
| 3:58 | Create | Villager (Male) |
| 3:58 | Create | Villager (Male) |
| 3:58 | Create | Villager (Male) |
| 5:16 | Create | Villager (Male) |
| 5:16 | Create | Villager (Male) |
| 5:16 | Create | Villager (Male) |
| 5:18 | Create | Villager (Male) |
| 5:18 | Create | Villager (Male) |
| 6:08 | Build | Market |
| 6:23 | Create | Monk |
| 6:24 | Create | Monk |
| 6:24 | Create | Monk |
| 6:44 | Create | Missionary |
| 7:41 | Build | Town Center |
| 8:19 | Build | House |
| 8:20 | Build | House |
| 8:21 | Build | House |
| 10:16 | Build | Stable |
| 10:56 | Create | Villager (Male) |
| 10:56 | Create | Villager (Male) |
| 10:57 | Create | Villager (Male) |
| 10:57 | Create | Villager (Male) |
| 12:07 | Create | Trade Cart |
| 12:07 | Create | Trade Cart |
| 12:07 | Create | Trade Cart |
| 12:07 | Create | Trade Cart |
| 12:08 | Create | Trade Cart |
| 12:16 | Build | Farm |
| 12:21 | Build | Farm |
| 12:25 | Build | Farm |
| 12:27 | Build | Farm |
| 12:38 | Create | Villager (Male) |
| 12:38 | Create | Villager (Male) |
| 12:38 | Create | Villager (Male) |
| 12:38 | Create | Villager (Male) |
| 12:39 | Create | Villager (Male) |
| 12:49 | Create | Villager (Male) |
| 12:49 | Create | Villager (Male) |
| 12:49 | Create | Villager (Male) |
| 12:50 | Create | Villager (Male) |
| 12:50 | Create | Villager (Male) |
| 13:04 | Build | Siege Workshop |
| 13:05 | Build | Siege Workshop |
| 14:24 | Build | Farm |
| 14:25 | Build | Farm |
| 14:26 | Build | Farm |
| 14:27 | Build | Farm |
| 14:30 | Build | Farm |
| 14:31 | Build | Farm |
| 14:32 | Build | Farm |
| 14:33 | Build | Farm |
| 14:40 | Build | Farm |
| 14:54 | Build | Mining Camp |
| 15:01 | Create | Bombard Cannon |
| 15:27 | Create | Villager (Male) |
| 15:28 | Create | Villager (Male) |
| 15:28 | Create | Villager (Male) |
| 15:28 | Create | Villager (Male) |
| 15:28 | Create | Villager (Male) |
| 15:29 | Create | Villager (Male) |
| 15:41 | Build | House |
| 15:42 | Build | House |
| 15:46 | Build | House |
| 15:50 | Build | House |
| 15:52 | Build | House |
| 15:54 | Build | House |
| 15:56 | Build | House |
| 15:58 | Build | House |
| 15:59 | Build | House |
| 16:00 | Build | House |
| 16:52 | Create | Villager (Male) |
| 16:52 | Create | Villager (Male) |
| 16:53 | Create | Villager (Male) |
| 16:53 | Create | Villager (Male) |
| 16:53 | Create | Villager (Male) |
| 17:09 | Build | House |
| 17:11 | Build | House |
| 17:12 | Build | House |
| 17:13 | Build | House |
| 17:14 | Build | House |
| 17:15 | Build | House |
| 17:34 | Create | Bombard Cannon |
| 17:58 | Create | Villager (Male) |
| 17:59 | Create | Villager (Male) |
| 17:59 | Create | Villager (Male) |
| 17:59 | Create | Villager (Male) |
| 17:59 | Create | Villager (Male) |
| 18:00 | Create | Villager (Male) |
| 18:30 | Build | Lumber Camp |
| 18:44 | Create | Trade Cart |
| 18:44 | Create | Trade Cart |
| 18:44 | Create | Trade Cart |
| 19:44 | Create | Knight |
| 19:44 | Create | Knight |
| 19:45 | Create | Knight |
| 19:45 | Create | Knight |
| 19:48 | Create | Bombard Cannon |
| 21:03 | Create | Bombard Cannon |
| 21:04 | Create | Bombard Cannon |
| 21:04 | Create | Bombard Cannon |
| 21:04 | Create | Bombard Cannon |
| 21:41 | Build | Mining Camp |
| 22:08 | Create | Mangonel |
| 22:08 | Create | Mangonel |
| 22:09 | Create | Mangonel |
| 22:11 | Create | Scorpion |
| 22:11 | Create | Scorpion |
| 22:19 | Create | Scout Cavalry |
| 22:19 | Create | Scout Cavalry |
| 22:19 | Create | Scout Cavalry |
| 22:19 | Create | Scout Cavalry |
| 22:20 | Create | Scout Cavalry |
| 22:20 | Create | Scout Cavalry |
| 22:20 | Create | Scout Cavalry |
| 22:20 | Create | Scout Cavalry |
| 25:04 | Create | Bombard Cannon |
| 25:04 | Create | Bombard Cannon |
| 25:04 | Create | Bombard Cannon |
| 25:04 | Create | Bombard Cannon |
| 25:04 | Create | Bombard Cannon |
| 25:04 | Create | Bombard Cannon |
| 25:19 | Build | Mining Camp |
| 25:32 | Build | House |
| 25:34 | Build | House |
| 25:35 | Build | House |
| 25:37 | Build | House |
| 25:38 | Build | House |
| 25:40 | Build | House |
| 25:41 | Build | House |
Build order — Ts1ns1n
First 150 of 507 actions detected
| 0:08 | Build | Town Center |
| 0:12 | Create | Villager (Male) |
| 0:13 | Create | Villager (Male) |
| 0:13 | Create | Villager (Male) |
| 0:48 | Build | House |
| 0:51 | Build | House |
| 1:45 | Create | Villager (Male) |
| 1:45 | Create | Villager (Male) |
| 1:49 | Create | Villager (Male) |
| 1:49 | Create | Villager (Male) |
| 2:10 | Create | Villager (Male) |
| 2:33 | Create | Villager (Male) |
| 2:40 | Build | Lumber Camp |
| 2:59 | Create | Villager (Male) |
| 3:16 | Create | Villager (Male) |
| 3:27 | Create | Villager (Male) |
| 3:49 | Create | Villager (Male) |
| 3:50 | Create | Villager (Male) |
| 4:22 | Build | House |
| 4:35 | Create | Villager (Male) |
| 4:40 | Create | Villager (Male) |
| 4:45 | Build | House |
| 4:59 | Create | Villager (Male) |
| 5:25 | Build | House |
| 5:38 | Create | Villager (Male) |
| 5:50 | Build | Town Center |
| 6:00 | Create | Villager (Male) |
| 6:16 | Create | Villager (Male) |
| 6:18 | Create | Villager (Male) |
| 6:19 | Create | Villager (Male) |
| 6:53 | Create | Villager (Male) |
| 6:53 | Create | Villager (Male) |
| 6:54 | Create | Villager (Male) |
| 7:19 | Create | Villager (Male) |
| 7:19 | Create | Villager (Male) |
| 7:19 | Create | Villager (Male) |
| 7:23 | Create | Villager (Male) |
| 7:35 | Create | Villager (Male) |
| 7:35 | Create | Villager (Male) |
| 7:40 | Create | Villager (Male) |
| 7:57 | Create | Villager (Male) |
| 7:58 | Create | Villager (Male) |
| 8:25 | Create | Villager (Male) |
| 8:25 | Create | Villager (Male) |
| 8:25 | Create | Villager (Male) |
| 8:26 | Create | Villager (Male) |
| 8:26 | Create | Villager (Male) |
| 8:26 | Create | Villager (Male) |
| 8:36 | Build | Farm |
| 8:36 | Build | Farm |
| 8:37 | Build | Farm |
| 8:38 | Build | Farm |
| 8:42 | Build | Mill |
| 8:48 | Create | Villager (Male) |
| 8:48 | Create | Villager (Male) |
| 8:48 | Create | Villager (Male) |
| 8:49 | Create | Villager (Male) |
| 8:56 | Build | House |
| 8:56 | Build | House |
| 8:57 | Build | House |
| 9:09 | Build | Farm |
| 9:09 | Build | Farm |
| 9:10 | Build | Farm |
| 9:10 | Build | Farm |
| 9:10 | Build | Farm |
| 9:10 | Build | Farm |
| 9:11 | Build | Farm |
| 9:31 | Create | Villager (Male) |
| 9:45 | Build | Town Center |
| 9:53 | Create | Villager (Male) |
| 9:53 | Create | Villager (Male) |
| 9:55 | Create | Villager (Male) |
| 9:55 | Create | Villager (Male) |
| 10:10 | Create | Villager (Male) |
| 10:14 | Build | Monastery |
| 10:21 | Create | Villager (Male) |
| 10:21 | Create | Villager (Male) |
| 10:21 | Create | Villager (Male) |
| 10:32 | Build | Farm |
| 10:32 | Build | Farm |
| 10:33 | Build | Farm |
| 10:41 | Build | House |
| 10:43 | Build | House |
| 10:46 | Build | House |
| 10:47 | Build | House |
| 10:56 | Create | Monk |
| 10:56 | Create | Monk |
| 10:59 | Create | Villager (Male) |
| 10:59 | Create | Villager (Male) |
| 10:59 | Create | Villager (Male) |
| 11:10 | Build | Farm |
| 11:11 | Build | Farm |
| 11:11 | Build | Farm |
| 11:11 | Build | Farm |
| 11:13 | Build | Farm |
| 11:17 | Build | Farm |
| 11:17 | Build | Farm |
| 11:21 | Create | Villager (Male) |
| 11:21 | Create | Villager (Male) |
| 11:22 | Create | Villager (Male) |
| 11:27 | Build | Farm |
| 11:28 | Build | Farm |
| 11:28 | Build | Farm |
| 11:28 | Build | Farm |
| 11:48 | Create | Villager (Male) |
| 11:48 | Create | Villager (Male) |
| 11:49 | Create | Villager (Male) |
| 11:49 | Create | Villager (Male) |
| 11:51 | Create | Villager (Male) |
| 11:51 | Create | Villager (Male) |
| 12:07 | Create | Villager (Male) |
| 12:07 | Create | Villager (Male) |
| 12:08 | Create | Villager (Male) |
| 12:17 | Build | Farm |
| 12:17 | Build | Farm |
| 12:17 | Build | Farm |
| 12:17 | Build | Farm |
| 12:18 | Build | Farm |
| 12:33 | Create | Villager (Male) |
| 12:33 | Create | Villager (Male) |
| 12:34 | Create | Villager (Male) |
| 12:38 | Build | House |
| 12:49 | Build | Market |
| 12:50 | Build | Market |
| 12:52 | Build | Market |
| 12:53 | Build | Market |
| 12:55 | Build | Market |
| 12:56 | Build | Market |
| 12:58 | Create | Villager (Male) |
| 12:58 | Create | Villager (Male) |
| 12:58 | Create | Villager (Male) |
| 12:58 | Create | Villager (Male) |
| 13:13 | Create | Villager (Male) |
| 13:14 | Create | Villager (Male) |
| 13:14 | Create | Villager (Male) |
| 13:20 | Build | Farm |
| 13:20 | Build | Farm |
| 13:21 | Build | Farm |
| 13:21 | Build | Farm |
| 13:25 | Build | Farm |
| 13:31 | Build | Mining Camp |
| 13:34 | Create | Villager (Male) |
| 13:35 | Create | Villager (Male) |
| 13:35 | Create | Villager (Male) |
| 13:36 | Create | Villager (Male) |
| 13:53 | Create | Villager (Male) |
| 13:53 | Create | Villager (Male) |
| 13:54 | Create | Villager (Male) |
| 13:54 | Create | Villager (Male) |
| 14:18 | Build | Mining Camp |
Build order — Lord Basura
First 150 of 312 actions detected
| 0:17 | Build | Mill |
| 0:21 | Build | House |
| 0:23 | Build | House |
| 0:24 | Build | House |
| 1:00 | Create | Villager (Male) |
| 1:00 | Create | Villager (Male) |
| 1:37 | Create | Villager (Male) |
| 2:15 | Create | Villager (Male) |
| 2:36 | Create | Villager (Male) |
| 3:02 | Create | Villager (Male) |
| 3:18 | Create | Villager (Male) |
| 3:42 | Build | Lumber Camp |
| 3:45 | Create | Villager (Male) |
| 3:46 | Create | Villager (Male) |
| 4:17 | Create | Villager (Male) |
| 4:29 | Create | Villager (Male) |
| 4:45 | Create | Villager (Male) |
| 4:52 | Create | Villager (Male) |
| 5:20 | Build | Lumber Camp |
| 5:24 | Create | Villager (Male) |
| 5:35 | Create | Villager (Male) |
| 6:00 | Build | Town Center |
| 6:06 | Create | Villager (Male) |
| 7:11 | Create | Villager (Male) |
| 7:12 | Create | Villager (Male) |
| 7:16 | Create | Villager (Male) |
| 7:17 | Create | Villager (Male) |
| 8:21 | Build | Town Center |
| 8:26 | Create | Villager (Male) ×4 |
| 8:31 | Build | House |
| 8:32 | Build | House |
| 8:33 | Build | House |
| 8:33 | Build | House |
| 8:33 | Build | House |
| 8:34 | Build | House |
| 8:34 | Build | House |
| 8:34 | Build | House |
| 8:59 | Create | Villager (Male) |
| 9:19 | Create | Villager (Male) |
| 9:22 | Create | Villager (Male) |
| 9:22 | Create | Villager (Male) |
| 9:45 | Build | Town Center |
| 9:55 | Create | Villager (Male) ×4 |
| 10:12 | Build | Farm |
| 10:24 | Build | Farm |
| 10:29 | Build | Farm |
| 10:41 | Build | Farm |
| 10:44 | Build | Farm |
| 10:46 | Create | Villager (Male) |
| 10:57 | Build | Farm |
| 11:02 | Create | Villager (Male) ×2 |
| 11:18 | Build | Farm |
| 11:46 | Build | Market |
| 11:51 | Build | Farm |
| 11:51 | Build | Farm |
| 11:54 | Create | Villager (Male) ×4 |
| 12:25 | Create | Villager (Male) ×3 |
| 12:28 | Build | Farm |
| 12:29 | Build | Farm |
| 12:30 | Build | Farm |
| 12:33 | Build | Farm |
| 12:46 | Create | Villager (Male) ×3 |
| 12:51 | Build | Farm |
| 13:08 | Build | Farm |
| 13:09 | Build | Farm |
| 13:09 | Build | Farm |
| 13:11 | Create | Villager (Male) ×2 |
| 13:25 | Build | Town Center |
| 13:28 | Create | Villager (Male) |
| 13:57 | Build | Farm |
| 13:58 | Build | Farm |
| 14:00 | Create | Villager (Male) ×5 |
| 14:04 | Build | Farm |
| 14:35 | Create | Villager (Male) ×5 |
| 14:47 | Create | Villager (Male) ×5 |
| 15:00 | Build | Farm |
| 15:06 | Build | Farm |
| 15:09 | Build | Farm |
| 15:12 | Build | Farm |
| 15:12 | Build | Farm |
| 15:14 | Build | Farm |
| 15:31 | Build | House |
| 15:31 | Build | House |
| 15:31 | Build | House |
| 15:32 | Build | House |
| 15:32 | Build | House |
| 15:32 | Build | House |
| 15:32 | Build | House |
| 15:33 | Build | House |
| 15:33 | Build | House |
| 15:58 | Create | Villager (Male) ×5 |
| 16:19 | Build | House |
| 16:19 | Build | House |
| 16:20 | Build | House |
| 16:20 | Build | House |
| 16:20 | Build | House |
| 16:31 | Create | Villager (Male) ×5 |
| 17:12 | Create | Villager (Male) ×5 |
| 17:12 | Create | Villager (Male) ×5 |
| 17:25 | Build | Mining Camp |
| 17:27 | Create | Villager (Male) ×5 |
| 17:47 | Build | Mining Camp |
| 18:13 | Create | Villager (Male) ×5 |
| 18:13 | Create | Villager (Male) ×5 |
| 18:36 | Build | Town Center |
| 18:40 | Create | Villager (Male) ×5 |
| 18:41 | Create | Villager (Male) ×5 |
| 19:19 | Build | Mining Camp |
| 19:22 | Create | Villager (Male) ×5 |
| 19:36 | Build | Mining Camp |
| 19:42 | Create | Villager (Male) ×5 |
| 19:48 | Build | Mining Camp |
| 19:53 | Build | Mining Camp |
| 19:56 | Create | Villager (Male) ×5 |
| 20:03 | Build | Mining Camp |
| 20:08 | Create | Villager (Male) ×5 |
| 20:20 | Build | House |
| 20:21 | Build | House |
| 20:21 | Build | House |
| 20:21 | Build | House |
| 20:21 | Build | House |
| 20:22 | Build | House |
| 20:22 | Build | House |
| 20:23 | Build | House |
| 20:23 | Build | House |
| 20:24 | Build | House |
| 20:24 | Build | House |
| 20:24 | Build | House |
| 20:25 | Build | House |
| 20:25 | Build | House |
| 20:37 | Create | Villager (Male) ×5 |
| 21:06 | Create | Villager (Male) ×5 |
| 21:35 | Build | Lumber Camp |
| 21:43 | Create | Villager (Male) ×5 |
| 22:16 | Create | Villager (Male) ×5 |
| 22:16 | Create | Villager (Male) ×5 |
| 22:30 | Create | Villager (Male) |
| 22:31 | Create | Villager (Male) ×5 |
| 22:31 | Create | Villager (Male) ×5 |
| 22:44 | Build | Lumber Camp |
| 22:48 | Build | Lumber Camp |
| 22:48 | Build | Lumber Camp |
| 23:10 | Build | Market |
| 23:10 | Build | Market |
| 23:12 | Build | Market |
| 23:16 | Build | Market |
| 23:18 | Build | Market |
| 23:21 | Build | Market |
| 23:37 | Create | Villager (Male) ×5 |
| 23:38 | Create | Villager (Male) ×5 |
Build order — blued
First 150 of 518 actions detected
| 0:08 | Build | House |
| 0:09 | Create | Villager (Male) |
| 0:10 | Create | Villager (Male) |
| 0:10 | Create | Villager (Male) |
| 0:13 | Build | House |
| 0:32 | Create | Villager (Male) |
| 1:08 | Create | Villager (Male) |
| 1:09 | Create | Villager (Male) |
| 1:38 | Create | Villager (Male) |
| 2:02 | Create | Villager (Male) |
| 2:16 | Build | Town Center |
| 2:19 | Create | Villager (Male) |
| 2:34 | Create | Villager (Male) |
| 2:44 | Build | Lumber Camp |
| 3:19 | Create | Villager (Male) |
| 3:20 | Create | Villager (Male) |
| 3:42 | Create | Villager (Male) |
| 3:46 | Create | Villager (Male) |
| 4:06 | Build | House |
| 4:09 | Build | House |
| 4:27 | Create | Villager (Male) |
| 4:27 | Create | Villager (Male) |
| 4:29 | Create | Villager (Male) |
| 4:53 | Create | Villager (Male) |
| 4:54 | Create | Villager (Male) |
| 4:55 | Create | Villager (Male) |
| 5:06 | Build | Mill |
| 5:09 | Build | House |
| 5:12 | Build | House |
| 5:13 | Build | House |
| 5:14 | Build | House |
| 5:24 | Create | Villager (Male) |
| 5:27 | Create | Villager (Male) |
| 5:34 | Build | Farm |
| 5:44 | Create | Villager (Male) |
| 5:45 | Create | Villager (Male) |
| 7:25 | Create | Villager (Male) |
| 7:34 | Build | Farm |
| 8:18 | Build | Farm |
| 8:19 | Create | Villager (Male) |
| 8:19 | Create | Villager (Male) |
| 8:28 | Build | Farm |
| 8:42 | Build | Market |
| 8:45 | Build | Market |
| 8:48 | Build | Market |
| 8:57 | Build | House |
| 8:59 | Build | House |
| 9:00 | Build | House |
| 9:02 | Build | House |
| 9:03 | Build | House |
| 9:07 | Build | House |
| 9:09 | Build | House |
| 9:10 | Build | House |
| 9:11 | Build | House |
| 9:12 | Build | House |
| 9:13 | Build | House |
| 9:15 | Build | House |
| 9:16 | Build | House |
| 9:27 | Create | Villager (Male) |
| 9:27 | Create | Villager (Male) |
| 9:36 | Build | Mining Camp |
| 9:38 | Create | Villager (Male) |
| 9:38 | Create | Villager (Male) |
| 9:39 | Create | Villager (Male) |
| 9:39 | Create | Villager (Male) |
| 9:39 | Create | Villager (Male) |
| 9:43 | Create | Villager (Male) |
| 9:43 | Create | Villager (Male) |
| 9:53 | Build | Mill |
| 10:21 | Create | Villager (Male) |
| 10:22 | Create | Villager (Male) |
| 10:29 | Create | Villager (Male) |
| 10:29 | Create | Villager (Male) |
| 10:30 | Create | Villager (Male) |
| 10:43 | Create | Trade Cart |
| 10:44 | Create | Trade Cart |
| 10:44 | Create | Trade Cart |
| 11:16 | Build | Town Center |
| 11:21 | Create | Villager (Male) |
| 11:21 | Create | Villager (Male) |
| 11:24 | Create | Villager (Male) |
| 11:24 | Create | Villager (Male) |
| 11:24 | Create | Villager (Male) |
| 11:30 | Build | Farm |
| 11:42 | Create | Villager (Male) |
| 11:43 | Create | Villager (Male) |
| 11:58 | Build | Farm |
| 12:00 | Build | Farm |
| 12:02 | Build | Farm |
| 12:03 | Build | Farm |
| 12:05 | Build | Farm |
| 12:07 | Build | Farm |
| 12:10 | Build | Farm |
| 12:12 | Build | Farm |
| 12:18 | Create | Villager (Male) |
| 12:18 | Create | Villager (Male) |
| 12:20 | Create | Villager (Male) |
| 12:20 | Create | Villager (Male) |
| 12:20 | Create | Villager (Male) |
| 12:46 | Build | Stable |
| 12:48 | Build | Stable |
| 12:50 | Build | Stable |
| 12:52 | Build | Stable |
| 13:06 | Create | Villager (Male) |
| 13:07 | Create | Villager (Male) |
| 13:07 | Create | Villager (Male) |
| 13:17 | Build | Farm |
| 13:24 | Build | Farm |
| 13:33 | Build | Farm |
| 13:50 | Build | Farm |
| 14:03 | Build | Caravanserai |
| 14:07 | Create | Villager (Male) |
| 14:07 | Create | Villager (Male) |
| 14:07 | Create | Villager (Male) |
| 14:25 | Build | House |
| 14:26 | Build | House |
| 14:27 | Build | House |
| 14:29 | Build | House |
| 14:30 | Build | House |
| 14:31 | Build | House |
| 14:32 | Build | House |
| 14:33 | Build | House |
| 14:37 | Create | Villager (Male) |
| 14:37 | Create | Villager (Male) |
| 14:38 | Create | Villager (Male) |
| 14:38 | Create | Villager (Male) |
| 14:39 | Create | Villager (Male) |
| 14:39 | Create | Villager (Male) |
| 14:40 | Create | Villager (Male) |
| 14:40 | Create | Villager (Male) |
| 14:40 | Create | Villager (Male) |
| 14:50 | Build | Farm |
| 14:55 | Create | Villager (Male) |
| 14:55 | Create | Villager (Male) |
| 14:55 | Create | Villager (Male) |
| 14:56 | Create | Villager (Male) |
| 14:56 | Create | Villager (Male) |
| 15:05 | Create | Villager (Male) |
| 15:06 | Create | Villager (Male) |
| 15:43 | Build | Town Center |
| 16:15 | Build | Farm |
| 16:23 | Build | Farm |
| 16:33 | Create | Villager (Male) |
| 16:34 | Create | Villager (Male) |
| 16:34 | Create | Villager (Male) |
| 16:34 | Create | Villager (Male) |
| 16:43 | Build | House |
| 16:44 | Build | House |
| 16:45 | Build | House |
| 16:47 | Build | House |
Build order — ry534689
First 150 of 650 actions detected
| 0:02 | Create | Villager (Male) |
| 0:03 | Create | Villager (Male) |
| 0:03 | Create | Villager (Male) |
| 0:08 | Build | House |
| 0:09 | Build | House |
| 0:26 | Create | Villager (Male) |
| 0:27 | Create | Villager (Male) |
| 0:46 | Create | Villager (Male) |
| 0:46 | Create | Villager (Male) |
| 1:09 | Build | Town Center |
| 1:25 | Create | Villager (Male) |
| 1:26 | Create | Villager (Male) |
| 1:26 | Create | Villager (Male) |
| 2:37 | Create | Villager (Male) |
| 2:54 | Create | Villager (Male) |
| 3:16 | Build | Town Center |
| 3:26 | Create | Villager (Male) |
| 3:27 | Create | Villager (Male) |
| 3:40 | Create | Villager (Male) |
| 4:27 | Create | Villager (Male) |
| 4:49 | Build | Farm |
| 4:49 | Build | Farm |
| 4:50 | Build | Farm |
| 4:50 | Build | Farm |
| 5:31 | Create | Villager (Male) |
| 5:31 | Create | Villager (Male) |
| 5:31 | Create | Villager (Male) |
| 6:11 | Build | Stone Wall |
| 6:26 | Create | Villager (Male) |
| 6:26 | Create | Villager (Male) |
| 6:37 | Build | Archery Range |
| 6:39 | Create | Villager (Male) |
| 6:50 | Create | Villager (Male) |
| 6:50 | Create | Villager (Male) |
| 6:50 | Create | Villager (Male) |
| 7:00 | Build | Stone Wall |
| 7:05 | Create | Villager (Male) |
| 7:05 | Create | Villager (Male) |
| 7:15 | Create | Villager (Male) |
| 7:15 | Create | Villager (Male) |
| 7:21 | Build | House |
| 7:39 | Create | Villager (Male) |
| 7:40 | Create | Villager (Male) |
| 7:40 | Create | Villager (Male) |
| 7:40 | Create | Villager (Male) |
| 7:41 | Create | Villager (Male) |
| 8:07 | Create | Villager (Male) |
| 8:07 | Create | Villager (Male) |
| 8:09 | Build | House |
| 8:10 | Build | House |
| 8:11 | Build | House |
| 8:32 | Build | Gate |
| 8:50 | Build | House |
| 9:10 | Build | Stone Wall |
| 9:20 | Create | Villager (Male) |
| 9:20 | Create | Villager (Male) |
| 9:20 | Create | Villager (Male) |
| 9:20 | Create | Villager (Male) |
| 9:35 | Create | Villager (Male) |
| 9:36 | Create | Villager (Male) |
| 9:36 | Create | Villager (Male) |
| 9:36 | Create | Villager (Male) |
| 9:42 | Create | Villager (Male) |
| 9:42 | Create | Villager (Male) |
| 9:43 | Create | Villager (Male) |
| 9:48 | Create | Villager (Male) |
| 9:48 | Create | Villager (Male) |
| 9:49 | Create | Villager (Male) |
| 9:49 | Create | Villager (Male) |
| 9:58 | Build | Lumber Camp |
| 10:39 | Build | Siege Workshop |
| 10:40 | Create | Villager (Male) |
| 10:41 | Create | Villager (Male) |
| 11:09 | Build | Market |
| 11:15 | Build | House |
| 11:16 | Build | House |
| 11:19 | Create | Villager (Male) |
| 11:20 | Create | Villager (Male) |
| 11:43 | Create | Villager (Male) |
| 11:44 | Create | Villager (Male) |
| 11:50 | Create | Villager (Male) |
| 11:50 | Create | Villager (Male) |
| 12:10 | Create | Mangonel |
| 12:24 | Build | Town Center |
| 12:29 | Create | Villager (Male) |
| 12:39 | Build | Town Center |
| 12:53 | Create | Villager (Male) |
| 12:55 | Build | Farm |
| 12:56 | Build | Farm |
| 12:56 | Build | Farm |
| 12:56 | Build | Farm |
| 12:57 | Build | Farm |
| 12:57 | Build | Farm |
| 12:57 | Build | Farm |
| 12:57 | Build | Farm |
| 12:58 | Build | Farm |
| 12:58 | Build | Farm |
| 13:03 | Build | House |
| 13:04 | Build | House |
| 13:06 | Build | House |
| 13:20 | Build | Market |
| 13:27 | Build | House |
| 13:28 | Build | House |
| 13:29 | Build | House |
| 13:30 | Build | House |
| 13:32 | Create | Villager (Male) |
| 13:32 | Create | Villager (Male) |
| 13:32 | Create | Villager (Male) |
| 13:42 | Create | Villager (Male) |
| 13:42 | Create | Villager (Male) |
| 13:49 | Create | Villager (Male) |
| 13:50 | Create | Villager (Male) |
| 13:50 | Create | Villager (Male) |
| 13:58 | Create | Villager (Male) |
| 14:27 | Build | Stable |
| 14:32 | Create | Villager (Male) |
| 14:33 | Create | Villager (Male) |
| 14:33 | Create | Villager (Male) |
| 14:34 | Create | Villager (Male) |
| 14:34 | Create | Villager (Male) |
| 14:34 | Create | Villager (Male) |
| 14:51 | Build | Farm |
| 14:51 | Build | Farm |
| 14:51 | Build | Farm |
| 14:52 | Build | Farm |
| 14:52 | Build | Farm |
| 14:52 | Build | Farm |
| 14:53 | Build | Farm |
| 14:53 | Build | Farm |
| 14:53 | Build | Farm |
| 14:54 | Build | Farm |
| 14:54 | Build | Farm |
| 14:54 | Build | Farm |
| 14:54 | Build | Farm |
| 14:55 | Build | Farm |
| 14:55 | Build | Farm |
| 14:55 | Build | Farm |
| 14:55 | Build | Farm |
| 14:56 | Build | Farm |
| 14:56 | Build | Farm |
| 14:56 | Build | Farm |
| 14:57 | Build | Farm |
| 14:57 | Build | Farm |
| 14:57 | Build | Farm |
| 14:57 | Build | Farm |
| 14:58 | Build | Farm |
| 15:00 | Create | Villager (Male) |
| 15:04 | Create | Villager (Male) |
| 15:04 | Create | Villager (Male) |
| 15:10 | Build | Lumber Camp |
Match timeline
| 1:01 | dr.ahmadjarbou · wall_segment Stone Wall x10 |
| 1:05 | dr.ahmadjarbou · wall_segment Stone Wall x9 |
| 1:21 | dr.ahmadjarbou · wall_segment Stone Wall x2 |
| 1:54 | dr.ahmadjarbou · wall_segment Stone Wall x1 |
| 1:57 | dr.ahmadjarbou · wall_segment Stone Wall x1 |
| 2:27 | mistermk · first_building Monastery |
| 5:32 | dr.ahmadjarbou · wall_segment Stone Wall x1 |
| 6:11 | ry534689 · wall_segment Stone Wall x13 |
| 6:37 | ry534689 · first_building Archery Range |
| 7:00 | ry534689 · wall_segment Stone Wall x28 |
| 8:07 | mistermk · tribute_sent a jugador 1 |
| 8:07 | mistermk · tribute_sent a jugador 2 |
| 8:07 | mistermk · tribute_sent a jugador 3 |
| 8:07 | mistermk · tribute_sent a jugador 5 |
| 8:07 | mistermk · tribute_sent a jugador 6 |
| 8:07 | mistermk · tribute_sent a jugador 7 |
| 8:07 | mistermk · tribute_sent a jugador 8 |
| 9:10 | ry534689 · wall_segment Stone Wall x1 |
| 9:16 | dr.ahmadjarbou · wall_segment Palisade Wall x24 |
| 10:14 | Ts1ns1n · first_building Monastery |
| 10:16 | mistermk · first_building Stable |
| 10:39 | ry534689 · first_building Siege Workshop |
| 10:52 | VECTOR · first_building Monastery |
| 10:58 | VECTOR · first_building Barracks |
| 11:01 | bruskkhalil · first_building Barracks |
| 12:16 | ry534689 · first_market_buy 100 stone |
| 12:32 | ry534689 · first_market_sell 100 wood |
| 12:45 | bruskkhalil · first_building Siege Workshop |
| 12:46 | blued · first_building Stable |
| 13:04 | mistermk · first_building Siege Workshop |
| 14:27 | ry534689 · first_building Stable |
| 15:08 | Ts1ns1n · first_building Archery Range |
| 15:17 | dr.ahmadjarbou · first_building Siege Workshop |
| 15:42 | VECTOR · first_building Siege Workshop |
| 16:22 | Ts1ns1n · first_building Siege Workshop |
| 18:40 | dr.ahmadjarbou · first_building Castle |
| 19:10 | Ts1ns1n · first_building Castle |
| 20:17 | VECTOR · first_building Castle |
| 20:32 | bruskkhalil · first_building Stable |
| 20:53 | ry534689 · first_building Castle |
| 21:55 | dr.ahmadjarbou · wall_segment Stone Wall x10 |
| 24:05 | Lord Basura · first_building Castle |
| 26:12 | mistermk · first_building Castle |
| 26:27 | Lord Basura · first_building Siege Workshop |
| 29:01 | VECTOR · first_building Archery Range |
| 29:38 | blued · first_building Castle |
| 29:59 | blued · first_building Siege Workshop |
| 37:08 | mistermk · first_building Archery Range |
| 37:23 | dr.ahmadjarbou · first_building Stable |
| 38:11 | ry534689 · first_building Monastery |
| 39:35 | VECTOR · first_building Stable |
| 40:25 | Ts1ns1n · first_market_buy 100 stone |
| 40:29 | Ts1ns1n · first_market_sell 500 wood |
| 42:42 | bruskkhalil · first_market_sell 100 wood |
| 49:21 | VECTOR · resign |
| 53:15 | mistermk · first_building Barracks |
[ AI ANALYSIS · 1 CREDIT ]
What really happened in this match?
Wolo.gg analyzes every decision: build order, eco, micro, common mistakes by bracket. Personalized analysis on WhatsApp or Discord in 30 seconds.
Civ guide
Khmer
Map guide
Amazon Tunnel
Perfil
bruskkhalil